 Dungeon Crawl Stone Soup version 0.28.0-47-ge53b351184 (webtiles) character file.

Game seed: 13919126600602896362

3 Zeld the Sneak (level 1, -2/20 HPs)
             Began as a Hill Orc Delver on May 9, 2022.
             Slain by an orc wizard
             ... wielding a +0 dagger
              (3 damage)
             ... on level 4 of the Dungeon.
             The game lasted 00:01:04 (190 turns).

Zeld the Sneak (Hill Orc Delver)                     Turns: 190, Time: 00:01:04

Health: -2/20      AC:  4    Str: 14    XL:     1   Next: 50%
Magic:  1/1        EV: 11    Int: 10    God:
Gold:   0          SH:  0    Dex: 12    Spells: 0/0 levels left

rFire   . . .      SeeInvis .   a - +0 hand axe
rCold   . . .      Faith    .   (no shield)
rNeg    . . .      Spirit   .   b - +0 leather armour
rPois   .          Reflect  .   (no helmet)
rElec   .          Harm     .   (no cloak)
rCorr   .          Rampage  .   h - +0 pair of gloves
Will    .....                   (no boots)
Stlth   ++........              (no amulet)
HPRegen 0.06/turn               (no ring)
MPRegen 0.07/turn               (no ring)

@: no status effects
A: no striking features
a: no special abilities


You were on level 4 of the Dungeon.
You visited 1 branch of the dungeon, and saw 2 of its levels.

Inventory:

Hand Weapons
 a - a +0 hand axe (weapon)
Armour
 b - a +0 leather armour (worn)
 h - a +0 pair of gloves (worn)
Wands
 g - a wand of digging (3)
Scrolls
 c - a scroll of fog
 d - a scroll of magic mapping
 e - a scroll of fear
Potions
 f - a potion of haste


   Skills:
 * Level 3.7 Fighting
 * Level 2.8 Axes
 + Level 0.1 Armour
 + Level 1.6 Dodging
 - Level 4.1 Stealth
 * Level 0.3 Evocations


You couldn't memorise any spells.
You didn't know any spells.
Your spell library was empty.

Dungeon Overview and Level Annotations

Branches:
Dungeon (5/15)
 Temple: D:4-7

Altars:

Shops:
D:5 ?

Annotations:
D:4 Menkaure


Message History

The orc wizard flickers and vanishes!
Deactivating autopickup; reactivate with Ctrl-A.
You hit the orc.
The orc is severely wounded.
The orc hits you with a +0 dagger.
You barely miss something. You hit the orc.
You kill the orc!
Something hits you.
You hit something.
You hear some strange, mumbled words.
Something tries to affect you, but you resist.
Okay, then.
You miss something. Something hits you.
You miss something. Something hits you.
You hear some strange, mumbled words.
Something tries to affect you, but you resist.
You miss something. Something hits you but does no damage.
You barely miss something. Something hits you.
You barely miss something. Something hits you.
You hit something. Something hits you.
* * * LOW HITPOINT WARNING * * *
You closely miss something.
You hear some strange, mumbled words.
Something tries to affect you, but you resist.
You closely miss something.
You hear some strange, mumbled words.
You are confused.
Something hits you.
* * * LOW HITPOINT WARNING * * *
Something hits you but does no damage.
Things that are here:
a +0 dagger; a +0 leather armour You're too confused to move!
Something hits you but does no damage.
You hit something but do no damage. Something hits you but does no damage.
You slash something! Something hits you.
* * * LOW HITPOINT WARNING * * *
You feel less confused.
You closely miss something. Something hits you but does no damage.
You hit something but do no damage. Something hits you.
You die...

... $# ... .#
....#####.#
........#.# #
.....##@#.##.##
.......{......####
.###.............#
####).#####...#
#.....###.#...###
#.###.....#.....# #
#.......#.....#
#.#.......#########
#
#o#.###......'.....


There were no monsters in sight!

Vanquished Creatures
  An orc (D:4)
  A kobold (D:4)
2 creatures vanquished.

Notes
Turn   | Place    | Note
-------+----------+-------------------------------------------
     0 | D:5      | Zeld the Hill Orc Delver began the quest for the Orb.
     0 | D:5      | Reached XP level 1. HP: 19/19 MP: 1/1
    16 | D:4      | Noticed Menkaure
   158 | D:4      | Noticed an orc wizard
   186 | D:4      | HP: 1/20 [something (3)]
   190 | D:4      | Slain by an orc wizard

Illustrated notes

Levels and vault maps discovered:
D:4:      layout_basic, palyth_temple_overflow_mages, lemuel_crystal_altar,
          grunt_temple_overflow_bloody_war, uniq_crazy_yiuf_cottage,
          uniq_eustachio, uniq_pikel, uniq_menkaure
D:5:      layout_layer_cave, nicolae_stop_n_shop_2, uniq_ijyb

Action                   || total
-------------------------++-------
Melee: Hand axe          ||    20
Armor: Leather armour    ||     7
Dodge: Dodged            ||     3
